 Dungeon Crawl Stone Soup version 0.24.0-123-gd5b16e6ec5 (webtiles) character file.

Game seed: 7923513880623040319, levelgen mode: deterministic

29 FishyPogo the Stinger (level 3, -3/24 HPs)
             Began as a Demonspawn Venom Mage on Dec 27, 2019.
             Slain by a scorpion (4 damage)
             ... on level 2 of the Dungeon.
             The game lasted 00:03:51 (1104 turns).

FishyPogo the Stinger (Demonspawn Venom Mage)       Turns: 1104, Time: 00:03:51

Health: -3/24      AC:  4    Str:  6 (8)  XL:     3   Next: 1%
Magic:  1/6        EV: 12    Int: 15 (17) God:
Gold:   55         SH:  0    Dex: 10 (13) Spells: 0/6 levels left

rFire    . . .     SeeInvis .   d - +0 dagger
rCold    . . .     Gourm    .   (no shield)
rNeg     . . .     Faith    .   a - +0 robe
rPois    .         Spirit   .   (no helmet)
rElec    .         Reflect  .   (no cloak)
rCorr    .         Harm     .   (no gloves)
MR       .....                  (no boots)
Stlth    ++........             (no amulet)
HPRegen  0.08/turn              (no ring)
MPRegen  0.10/turn              (no ring)

@: lethally poisoned (-3 -> -13)
A: icy blue scales 1
a: no special abilities


You were on level 2 of the Dungeon.
You were hungry.

You visited 1 branch of the dungeon, and saw 2 of its levels.

You collected 55 gold pieces.

Inventory:

Hand Weapons
 d - a +0 dagger (weapon)
Missiles
 e - 62 stones (quivered)
Armour
 a - a +0 robe (worn)
Scrolls
 b - a scroll of teleportation {unknown}
 f - a scroll of fog {unknown}
 g - a scroll of enchant armour {unknown}
Comestibles
 c - 5 rations


   Skills:
 + Level 2.1 Dodging
 - Level 2.0 Stealth
 + Level 2.2 Spellcasting
 * Level 2.0 Conjurations
 + Level 3.2 Poison Magic


You couldn't memorise any spells.
You knew the following spells:

 Your Spells              Type           Power        Failure   Level  Hunger
a - Sting                 Conj/Pois      #...         8%          1    #......
b - Poisonous Vapours     Pois/Air       #.....       17%         2    ###....
c - Mephitic Cloud        Conj/Pois/Air  #.......     32%         3    ###....

Your spell library contained the following spells:

 Spells                   Type           Power        Failure   Level  Hunger
 Olgreb's Toxic Radiance  Pois           ##......     50%         4    #####..
 Venom Bolt               Conj/Pois      #.........   90%         5    ######.


Dungeon Overview and Level Annotations

Branches:
Dungeon (2/15)

Altars:


Innate Abilities, Weirdness & Mutations

You are partially covered in icy blue scales. (AC +2)


Message History

The scorpion is almost dead.
The scorpion stings you.
You barely miss the scorpion.
The scorpion is almost dead.
The scorpion stings you.
* * * LOW HITPOINT WARNING * * *
You are lethally poisoned!
The scorpion poisons you!
It was a potion of degeneration.
There was something very wrong with that liquid.
You feel weakened.
You feel dopey.
You feel clumsy.
* * * LOW HITPOINT WARNING * * *
You feel sick. The scorpion barely misses you.
Your magical contamination has completely faded away.
You closely miss the scorpion.
The scorpion is almost dead.
You are feeling hungry.
* * * LOW HITPOINT WARNING * * *
You feel sick. The scorpion stings you.
You die...

#############
..####...........# .
.................###.!.
...?...@s..............
.................#.#
.................#.#####
#...............<.......
#.....#######+####......
#..... ...... ######
..... .... ....


You could see a scorpion.

Vanquished Creatures
  2 dart slugs (D:1)
  3 giant cockroaches (D:1)
  4 goblins (D:1)
  2 hobgoblins
  3 kobolds (D:1)
  3 bats (D:1)
  3 frilled lizards (D:1)
  3 rats (D:1)
23 creatures vanquished.

Notes
Turn   | Place    | Note
-------+----------+-------------------------------------------
     0 | D:1      | FishyPogo the Demonspawn Venom Mage began the quest for the
                  | Orb.
     0 | D:1      | Reached XP level 1. HP: 13/13 MP: 3/3
   187 | D:1      | Gained mutation: You are partially covered in icy blue
                  | scales. (AC +2) [demonic ancestry]
   187 | D:1      | Reached XP level 2. HP: 12/19 MP: 3/5
   191 | D:1      | Learned a level 2 spell: Poisonous Vapours
  1077 | D:2      | Reached XP level 3. HP: 24/24 MP: 2/6
  1078 | D:2      | Noticed a scorpion
  1082 | D:2      | Learned a level 3 spell: Mephitic Cloud
  1104 | D:2      | HP: 1/24 [poisoned by a scorpion]
  1104 | D:2      | Slain by a scorpion

Levels and vault maps discovered:
D:1:      lightli_arrival_noodles, layout_basic
D:2:      layout_basic

Skill      XL: |  1  2 |
---------------+-------+-----
Stealth        | 2 |  2.0
Dodging        | 2 |  2.1
Conjurations   | 2 |  2.0
Spellcasting   | |  2.2
Poison Magic   | |  3.2

Action                   || total
-------------------------++-------
Melee: Unarmed           ||    12
       Club              ||    10
       Dagger            ||    15
 Cast: Sting             ||    30
       Poisonous Vapours ||     5
  Use: Potion            ||     1
  Eat: Chunk             ||     1
Armor: Robe              ||     7
Dodge: Dodged            ||    26
